 Dungeon Crawl Stone Soup version 0.21-a0-421-gfc1ce30 (webtiles) character file.

116 Kikal the Ruffian (level 4, -3/35 HPs)
             Began as a Mummy Monk on Nov 4, 2017.
             Slain by a big kobold (5 damage)
             ... in a sewer.
             The game lasted 00:09:50 (3129 turns).

Kikal the Ruffian (Mummy Monk)                      Turns: 3129, Time: 00:09:51

Health: -3/35      AC:  2    Str: 15    XL:     4   Next: 69%
Magic:  4/4        EV: 13    Int:  9    God:
Gold:   156        SH:  0    Dex: 14    Spells: 3/3 levels left

rFire    x . .     SeeInvis .     - Unarmed
rCold    + . .     Gourm    .   (no shield)
rNeg     + + +     Faith    .   a - +0 robe
rPois    ∞         Spirit   .   (no helmet)
rElec    .         Reflect  .   (no cloak)
rCorr    .         Harm     .   (no gloves)
MR       .....                  (no boots)
Stlth    ++........             (no amulet)
HPRegen  0.11/turn              (no ring)
MPRegen  0.09/turn              (no ring)

@: no status effects
A: no food or potions, fire vulnerability, cold resistance 1, negative energy
resistance 3, torment resistance, unbreathing
a: no special abilities


You were in a sewer.
You were not hungry.

You visited 1 branch of the dungeon, and saw 3 of its levels.
You also visited: Sewer.

You collected 156 gold pieces.

Inventory:

Missiles
 b - 56 stones (quivered)
Armour
 a - a +0 robe (worn)
Jewellery
 c - an uncursed ring of flight {unknown}
 f - a cursed -3 ring of protection {unknown}
 i - an uncursed ring of resist corrosion {unknown}
Scrolls
 d - a scroll of identify {unknown}
 e - 2 scrolls of immolation {unknown}
 g - a scroll of fear {unknown}
 h - a scroll of remove curse {unknown}


   Skills:
 + Level 3.3 Fighting
 - Level 2.4 Dodging
 - Level 1.5 Stealth
 * Level 4.4 Unarmed Combat


You had 3 spell levels left.
You didn't know any spells.

Dungeon Overview and Level Annotations

Branches:
Dungeon (3/15)

Altars:


Innate Abilities, Weirdness & Mutations

You do not eat or drink.
Your flesh is vulnerable to fire.
You are immune to poison.
Your flesh is cold resistant. (rC+)
You are immune to negative energy. (rN+++)
You are immune to unholy pain and torment.
You can survive without breathing.


Message History

You hit the big kobold.
The big kobold is heavily wounded.
The big kobold hits you.
* * * LOW HITPOINT WARNING * * *
You take 6 damage, and have 8/35 hp.
You hit the big kobold.
The big kobold is heavily wounded.
The big kobold closely misses you. The kobold closely misses you.
The kobold unwields an uncursed hand crossbow.
The kobold closely misses you.
You hit the big kobold but do no damage.
The big kobold is heavily wounded.
The kobold closely misses you. The big kobold misses you.
The kobold closely misses you.
You closely miss the big kobold.
The big kobold is heavily wounded.
The kobold hits you with a short sword.
* * * LOW HITPOINT WARNING * * *
The big kobold hits you.
You die...

# # ####### ###### .#!!#
##.....## ###(.K.#....?#
.÷.†....####..(.@KK....#
.÷.###..........KK#....!#
..###.............# .#!)#
...##.....##..≈.≈≈# # #
.........####.≈≈≈≈≈≈
.....≈.≈##≈≈≈≈≈≈≈≈≈≈≈
.≈.≈≈≈≈≈≈≈≈≈≈≈≈≈≈≈≈≈≈≈ #
≈≈≈≈≈≈≈≈≈≈≈≈≈≈≈≈≈≈≈≈≈≈ ≈#
≈≈≈≈≈≈≈≈≈≈≈≈≈≈≈≈≈≈≈≈≈ ≈#


You could see a big kobold and 4 kobolds.

Vanquished Creatures
  3 river rats (Sewer)
  An adder (D:2)
  An ooze (D:3)
  A worm (D:2)
  A dart slug (D:2)
  2 leopard geckos
  A bat (D:1)
  7 giant cockroaches
  2 goblins (D:2)
  4 hobgoblins
  4 jackals
  2 quokkas (D:2)
  9 ball pythons
  A frilled lizard (D:1)
  10 kobolds
  26 rats
75 creatures vanquished.

Notes
Turn   | Place    | Note
-------+----------+-------------------------------------------
     0 | D:1      | Kikal the Mummy Monk began the quest for the Orb.
     0 | D:1      | Reached XP level 1. HP: 18/18 MP: 1/1
     0 | D:1      | Noticed a minotaur zombie
     3 | D:1      | Noticed a merfolk zombie
     9 | D:1      | Noticed a minotaur zombie
   454 | D:1      | Reached XP level 2. HP: 24/24 MP: 2/2
   667 | D:1      | Reached skill level 3 in Unarmed Combat
   964 | D:2      | Reached XP level 3. HP: 22/29 MP: 3/3
  1906 | D:3      | Found a glowing drain.
  1918 | D:3      | Reached skill level 4 in Unarmed Combat
  1920 | Sewer    | Entered a sewer
  2107 | Sewer    | Reached XP level 4. HP: 30/35 MP: 4/4
  3119 | Sewer    | Noticed a big kobold
  3129 | Sewer    | Slain by a big kobold

Vault maps used:
D:1:      shiori_arrival_whats_in_store_for_you, minmay_misc_feat_plants
D:3:      chequers_ecumenical_altar_lobes, gup_sewer_entry_pipe
Sewer:    sewer_minmay_treatment

Skill      XL: |  1  2  3 |
---------------+----------+-----
Unarmed Combat | 3 4 |  4.4
Fighting       | |  3.3
Dodging        | |  2.4
Stealth        | |  1.5

Action                   |  1- 3 |  4- 6 || total
-------------------------+-------+-------++-------
Melee: Unarmed           |   165 |   114 ||   279
       Punch             |     4 |       ||     4
Throw: Stone             |     1 |       ||     1
Armor: Robe              |    26 |    12 ||    38
Dodge: Dodged            |    96 |    86 ||   182

Table legend:
 A = Spawn XP
 B = Non-spawn XP
 C = Spawn XP percentage of total XP
 D = Spawn monster count
 E = Non-spawn monster count
 F = Spawn count percentage of total count
 G = Total turns spent on level
                    A         B        C        D         E        F      G
               +---------+---------+-------+---------+---------+-------+---------
         Total |       0 |     166 |   0.0 |       0 |      75 |   0.0 |  3129
               +---------+---------+-------+---------+---------+-------+---------
           D:1 |       0 |      21 |   0.0 |       0 |      13 |   0.0 |  1041
           D:2 |       0 |      46 |   0.0 |       0 |      17 |   0.0 |   809
           D:3 |       0 |      20 |   0.0 |       0 |       7 |   0.0 |    70
         Sewer |       0 |      79 |   0.0 |       0 |      38 |   0.0 |  1209
               +---------+---------+-------+---------+---------+-------+---------
